 Dungeon Crawl Stone Soup version 0.30.0-5-g1a98f26d00 (webtiles) character file.

Game seed: 7681513750428825678

6070 SnakkuSnakku7 the Martial Artist (level 10, 0/80 HPs)
             Began as a Vampire Hedge Wizard on May 12, 2023.
             Slain by a hornet (9 damage)
             ... while paralysed by a hornet
             ... on level 9 of the Dungeon.
             The game lasted 00:15:04 (8842 turns).

SnakkuSnakku7 the Martial Artist (VpHW)             Turns: 8842, Time: 00:15:04

Health: 0/80       AC:  8    Str: 13    XL:     10   Next: 57%
Magic:  14/14      EV:  2    Int: 17    God:
Gold:   115        SH:  0    Dex: 14    Spells: 14/15 levels left

rFire   . .          .
                       - Unarmed
rCold   . . .        G - +0 buckler
rNeg    . . .        h - +0 scale mail
rPois   .            K - +0 helmet
rElec   .            p - +0 cloak
rCorr   .            (no gloves)
SInv    +            (no boots)
Will    ++...        e - amulet of the acrobat
Stlth   +            L - ring of willpower
HPRegen 0.53/turn    (no ring)
MPRegen 0.14/turn

%: acrobat
@: paralysed, lethally poisoned (0 -> -14), healing quickly, slowed
A: alive, fangs 3, see invisible, vampiric 2
a: Exsanguinate


You were on level 9 of the Dungeon.
You visited 2 branches of the dungeon, and saw 10 of its levels.
You also visited: Ossuary.

You collected 421 gold pieces.
You spent 306 gold pieces at shops.

Inventory:

Hand Weapons
 a - a +1 dagger
Missiles
 l - 7 javelins
 C - 4 poisoned darts
 O - 2 throwing nets
Armour
 b - a +0 robe
 h - a +0 scale mail (worn)
 p - a +0 cloak (worn)
 B - a scarf of resistance
 G - a +0 buckler (worn)
 K - a +0 helmet (worn)
Jewellery
 e - an amulet of the acrobat (around neck)
 n - an amulet of faith
 s - an amulet of reflection
 L - a ring of willpower (left hand)
Wands
 t - a wand of flame (42)
 v - a wand of polymorph (5)
Scrolls
 c - a scroll of fog {unknown}
 f - 2 scrolls of enchant weapon
 g - 2 scrolls of torment
 i - 2 scrolls of immolation {unknown}
 m - 5 scrolls of teleportation
 q - 2 scrolls of blinking
 x - 5 scrolls of vulnerability {unknown}
 y - a scroll of summoning {unknown}
 z - 3 scrolls of fear {unknown}
 D - 5 scrolls of enchant armour
 E - 2 scrolls of magic mapping
 M - a scroll of amnesia {unknown}
Potions
 d - a potion of magic
 j - a potion of ambrosia
 k - 3 potions of curing
 o - a potion of flight
 r - 3 potions of brilliance
 u - 2 potions of mutation
 w - a potion of invisibility {unknown}
 A - 2 potions of heal wounds
 F - 3 potions of might
 H - a potion of attraction
 I - a potion of berserk rage
 J - 2 potions of haste {unknown}
 N - 2 potions of cancellation {unknown}


   Skills:
 - Level 8.0 Fighting
 + Level 7.1 Dodging
 - Level 3.0 Stealth
 - Level 12.0 Unarmed Combat
 - Level 3.0 Spellcasting
 - Level 0.6 Conjurations
 - Level 1.0 Summonings
 - Level 0.7 Translocations
 - Level 4.0 Evocations


You had 14 spell levels left.
You knew the following spells:

 Your Spells              Type           Power      Damage    Failure   Level
a - Magic Dart            Conj           16%        1d3       67%         1

Your spell library contained the following spells:

 Spells                   Type           Power      Damage    Failure   Level
 Beastly Appendage        Tmut           4%         N/A       77%         1
 Slow                     Hex            8%         N/A       77%         1
 Call Imp                 Summ           10%        N/A       77%         2
 Blink                    Tloc           10%        N/A       80%         2
 Cigotuvi's Dreadful Rot  Necr/Pois/Air  4%         N/A       88%         2
 Wereblood                Tmut           2%         N/A       88%         2
 Mephitic Cloud           Conj/Pois/Air  3%         N/A       98%         3
 Spider Form              Tmut/Pois      2%         N/A       98%         3
 Manifold Assault         Tloc           5%         N/A       100%        4
 Alistair's Intoxication  Tmut/Pois      1%         N/A       100%        5
 Borgnjor's Vile Clutch   Necr/Erth      1%         N/A       100%        5
 Eringya's Noxious Bog    Tmut/Pois      1%         N/A       100%        6
 Storm Form               Tmut/Air       1%         N/A       100%        7


Dungeon Overview and Level Annotations

Branches:
Dungeon (9/15)             Temple (1/1) D:5            Lair (0/5) D:9
Ossuary (visited)
    Orc: D:9-12

Altars:
Ashenzari
Cheibriados
Dithmenos
Fedhas
Gozag
Hepliaklqana
Kikubaaqudgha
Makhleb
Nemelex Xobeh
Okawaru
Qazlal
Sif Muna
Trog
Uskayaw
Wu Jian
Xom
Yredelemnul

Shops:
D:7 ?

Annotations:
D:4 3 runed translucent doors, olmar's ghost, amateur AtFi


Innate Abilities, Weirdness & Mutations

Your natural rate of healing is accelerated.
You have razor-sharp teeth.
You have supernaturally acute eyesight. (SInv)
You are afflicted with vampirism and can become a bat while bloodless.


Message History

The bullfrog is severely wounded.
You block the bullfrog's attack.
You hit the bullfrog. Your bite misses the bullfrog.
The bullfrog is severely wounded.
The bullfrog closely misses you.
You hit the bullfrog.
You kill the bullfrog!
The hornet stings you.
You are poisoned.
You feel yourself slow down.
The hornet stings you but does no damage.
You barely miss the hornet. You bite the hornet, but do no damage.
You feel very sick. The hornet closely misses you.
You hit the hornet but do no damage.
You feel yourself speed up.
You feel sick. The hornet stings you!
You feel yourself slow down. The hornet stings you!
You feel as though you will be slow longer.
You barely miss the hornet.
You feel sick. The hornet stings you!
You feel as though you will be slow longer.
The hornet barely misses you.
You hit the hornet.
The hornet is lightly wounded.
You feel sick. The hornet stings you!
You are more poisoned.
You suddenly lose the ability to move!
The hornet stings you!
You feel as though you will be slow longer.
You feel very sick. The hornet stings you.
* * * LOW HITPOINT WARNING * * *
You feel as though you will be slow longer.
The hornet stings you.
* * * LOW HITPOINT WARNING * * *
You are lethally poisoned!
You feel as though you will be slow longer.
* * * LOW HITPOINT WARNING * * *
You feel very sick. The hornet stings you!
You die...

##..........# .
.#..........# ....
#.#####...#.# ....
#.#####.#..)#####...#
#........##'.....'# #
.........#)#.....#.# ..#
......#..###.....###...#
......#.#...#...#...#..#
..........).....@......#
#.....#########y##.....#
#..##.#..........# ....#
#..##)'..........# ##.#
#...†.#..........# #
#######..##..#####
#..##..#######
#............#
#............#


You could see a hornet.

Vanquished Creatures
  Joseph (D:7)
  Psyche (D:9)
  A hornet (D:7)
  Prince Ribbit (D:7)
  A shadow (D:9)
  3 yaks (D:9)
  A wyvern (D:9)
  A steam dragon (D:8)
  Edmund (D:4)
  A water moccasin (D:8)
  3 orc warriors
  An ice beast (D:6)
  An ogre (D:5)
  4 centaurs
  A phantom (D:4)
  5 bullfrogs
  A kobold brigand (D:9)
  Blork the orc (D:4)
  3 gnoll sergeants
  3 scorpions
  A wyvern zombie (D:8)
  11 wights
  8 killer bees
  A howler monkey (D:5)
  5 centaur zombies
  4 orc priests
  4 hounds
  2 gnoll boudas
  Crazy Yiuf (D:6)
  A jelly (D:5)
  8 iguanas
  9 orc wizards
  A hound zombie (D:4)
  4 mummies
  3 adders
  15 gnolls
  An adder zombie (D:4)
  2 worms
  7 dart slugs
  30 orcs
  3 endoplasms
  5 giant cockroaches
  3 goblins
  3 hobgoblins
  4 jackals
  3 quokkas
  6 ball pythons
  6 bats
  A frilled lizard (D:2)
  2 goblin zombies (Ossuary)
  A hobgoblin zombie (Ossuary)
  5 kobolds
  A kobold zombie (Ossuary)
  2 orc zombies (Ossuary)
  2 rats (D:1)
200 creatures vanquished.

Vanquished Creatures (others)
  A gnoll sergeant (D:6)
  An adder (D:6)
  An orc (D:6)
3 creatures vanquished.

Grand Total: 203 creatures vanquished

Notes
Turn   | Place    | Note
-------+----------+-------------------------------------------
     0 | D:1      | SnakkuSnakku7 the Vampire Hedge Wizard began the quest for
                  | the Orb.
     0 | D:1      | Reached XP level 1. HP: 13/13 MP: 4/4
   260 | D:1      | Reached skill level 1 in Unarmed Combat
   333 | D:1      | Reached skill level 1 in Fighting
   333 | D:1      | Reached XP level 2. HP: 21/21 MP: 6/6
  1376 | D:2      | Reached skill level 2 in Unarmed Combat
  1403 | D:2      | Gained mutation: You are afflicted with vampirism and can
                  | become a bat while bloodless. [Vampire growth]
  1403 | D:2      | Reached XP level 3. HP: 21/26 MP: 7/7
  1971 | D:3      | Reached XP level 4. HP: 30/33 MP: 8/8
  2076 | D:3      | Reached skill level 3 in Unarmed Combat
  2093 | D:3      | Found a shadowy altar of Dithmenos.
  2777 | D:4      | Noticed a scorpion
  2790 | D:4      | Killed a scorpion
  2791 | D:4      | Reached XP level 5. HP: 39/41 MP: 9/9
  2836 | D:4      | Found a runed translucent gate.
  2836 | D:4      | Found a runed translucent gate.
  2836 | D:4      | Found a runed translucent gate.
  2836 | D:4      | Noticed olmar's ghost (amateur AtFi)
  2838 | D:4      | Found a basalt altar of Yredelemnul.
  2853 | D:4      | Reached skill level 4 in Unarmed Combat
  2954 | D:4      | Found an ancient bone altar of Kikubaaqudgha.
  2997 | D:4      | Noticed Blork the orc
  3003 | D:4      | Killed Blork the orc
  3081 | D:4      | Noticed Edmund
  3094 | D:4      | Killed Edmund
  3095 | D:4      | Reached skill level 5 in Unarmed Combat
  3095 | D:4      | Reached XP level 6. HP: 28/48 MP: 10/10
  3212 | D:4      | Found an ornate altar of the Wu Jian Council.
  3613 | D:5      | Entered Level 5 of the Dungeon
  3627 | D:5      | Reached skill level 6 in Unarmed Combat
  3661 | D:5      | Reached XP level 7. HP: 49/54 MP: 11/11
  3728 | D:5      | Found a staircase to the Ecumenical Temple.
  3738 | Temple   | Entered the Ecumenical Temple
  3879 | D:5      | Reached skill level 7 in Unarmed Combat
  4163 | D:5      | Found a sparkling altar of Nemelex Xobeh.
  4248 | D:5      | Reached skill level 8 in Unarmed Combat
  4512 | D:6      | Identified the +6 mace "Maraugg" {speed, Dex+2}
  4601 | D:6      | Reached XP level 8. HP: 41/60 MP: 12/12
  4632 | D:5      | Reached skill level 9 in Unarmed Combat
  4717 | D:6      | Identified the +6 hand axe of Departure {holy, rElec Will++
                  | rCorr Stlth-}
  4781 | D:6      | Found a sand-covered staircase.
  4786 | D:6      | Reached skill level 10 in Unarmed Combat
  4790 | Ossuary  | Entered an ossuary
  5100 | D:6      | Found a shimmering altar of Xom.
  5291 | D:6      | Found a runed translucent door.
  5292 | D:6      | Noticed Crazy Yiuf
  5299 | D:6      | Killed Crazy Yiuf
  5378 | D:7      | Noticed Joseph
  5379 | D:7      | Noticed a hornet
  5502 | D:7      | Reached skill level 11 in Unarmed Combat
  5574 | D:7      | Killed Joseph
  5575 | D:7      | Reached XP level 9. HP: 10/65 MP: 13/13
  5715 | D:7      | Reached skill level 12 in Unarmed Combat
  5715 | D:7      | Reached skill level 1 in Evocations
  5980 | D:7      | Noticed Prince Ribbit
  5986 | D:7      | Killed Prince Ribbit
  6351 | D:7      | Found Oticw's Magic Scroll Boutique.
  6357 | D:7      | Bought a scroll of blinking for 90 gold pieces
  6357 | D:7      | Bought a scroll of enchant armour for 90 gold pieces
  6357 | D:7      | Bought a scroll of magic mapping for 90 gold pieces
  6357 | D:7      | Bought a scroll of teleportation for 36 gold pieces
  6763 | D:8      | Reached skill level 5 in Fighting
  7128 | D:8      | Found a bloodstained altar of Trog.
  7425 | D:7      | HP: 2/66 [wight/+4 flail (4)]
  7704 | D:8      | Reached XP level 10. HP: 71/76 MP: 14/14
  7898 | D:8      | Found a hide-covered altar of Uskayaw.
  8071 | D:9      | Noticed Psyche
  8078 | D:9      | Killed Psyche
  8452 | D:9      | Reached skill level 5 in Dodging
  8682 | D:9      | Paralysed by a hornet for 2 turns
  8689 | D:9      | Found a staircase to the Lair.
  8840 | D:9      | Paralysed by a hornet for 3 turns
  8842 | D:9      | Slain by a hornet

Illustrated notes

Levels and vault maps discovered:
D:1:      arrival_zaba_pyramid, layout_rooms, serial_rivers,
          chequers_serial_rivers_micro_a, chequers_serial_rivers_small_b,
          chequers_serial_rivers_small_a, chequers_serial_rivers_small_b,
          chequers_serial_rivers_large_a, chequers_serial_rivers_large_b,
          chequers_serial_rivers_small_b
D:2:      layout_loops_corners
D:3:      layout_basic, old_standard_altar
D:4:      layout_loops_ring, lemuel_coloured_pillars_altar,
          kennysheep_little_box, nicolae_yredelemnul_ghost_church, uniq_edmund,
          uniq_blork_the_orc
D:5:      layout_rooms, lemuel_crystal_altar, minmay_temple_entry_waves,
          nrook_uturn
D:6:      layout_rooms, xom_confusion_cloud, gup_ossuary_entry_pyramid,
          chequers_jeans, chequers_serial_rivers_small_b,
          uniq_crazy_yiuf_cottage
D:7:      layout_cave_pods, serial_shops, nicolae_shop_crystal,
          uniq_prince_ribbit1, uniq_joseph
D:8:      layout_rooms, mainiacjoe_overflow_chevrons, trog_three_pillars_becter,
          serial_undead, serial_undead_b, serial_undead_c, serial_undead_c,
          serial_undead_a, solitary_fountain
D:9:      nicolae_BIG_FREAKIN_CUBE, layout_stronghold,
          minmay_fractal_squares_diagonal_5, uniq_psyche
Temple:   chequers_temple_sunken

Skill      XL: |  1  2  3  4  5  6  7  8  9 10 |
---------------+-------------------------------+-----
Unarmed Combat | 1 2 3 5 6 8 11 12 | 12.0
Fighting       | 1 2 3 4 7 8 |  8.0
Evocations     | 4 |  4.0
Dodging        | 7 |  7.1
Stealth        | |  3.0
Spellcasting   | |  3.0
Conjurations   | |  0.6
Summonings     | |  1.0
Translocations | |  0.7

Action                     |  1- 3 |  4- 6 |  7- 9 | 10-12 || total
---------------------------+-------+-------+-------+-------++-------
  Melee: Dagger            |   129 |       |       |       ||   129
         Bite              |    24 |    18 |    54 |    16 ||   112
         Punch             |     3 |     5 |    38 |    12 ||    58
         Unarmed           |    55 |   165 |   446 |   148 ||   814
  Throw: Dart              |       |       |     1 |       ||     1
  Evoke: Wand              |       |     1 |    16 |     7 ||    24
    Use: Scroll            |     1 |     8 |     5 |     1 ||    15
         Potion            |       |     2 |     3 |     2 ||     7
 Armour: Robe              |     6 |       |       |       ||     6
         Scale mail        |    71 |    44 |   163 |    37 ||   315
         Skin              |       |     2 |       |       ||     2
  Dodge: Dodged            |   104 |    62 |   252 |    84 ||   502
  Block: Buckler           |       |       |       |     7 ||     7
